AoeStats
← AxD | Cad Bane

Arena

507143281Analyzed
4v4 RM · 16d ago on Sep 16, 2026· 43m 13s· 8 players
Game mode
Random Map
Map size
Large (8 player)
Population
200
Speed
Normal
Resources
Standard
Victory
Conquest
Starting age
Dark Age
Ending age
Imperial Age
RankedLock teamsTeams togetherTeam positionsShared explorationLock speedFull tech treeHidden civsTurbo modeCheats
Victory
Defeat
🇳🇴 Turks · Norway
1759
+8
🇬🇧 Portuguese · United Kingdom
1667
+11
🇺🇸 Vikings · United States
1617
+13
🇷🇴 Tatars · Romania
1479
+18
🇸🇻 Wu · El Salvador
1628
-16
🇨🇱 Japanese · Chile
1598
-14
🇦🇷 Malians · Argentina
1584
-14
🇦🇷 Armenians · Argentina
1374
-6
AxD | Cad Bane
6:03 Loom
8:22 Feudal Age
9:35 Fletching
9:55 Forging
24:54 Castle Age
23:32 Horse Collar
23:38 Double-Bit Axe
24:30 Stone Mining
24:35 Gold Mining
33:26 Wheelbarrow
37:01 Imperial Age
35:02 Bodkin Arrow
35:59 Padded Archer Armor
37:18 Ballistics
37:46 Leather Archer Armor
37:26 Heavy Cavalry Archer
39:29 Parthian Tactics
39:30 Heavy Plow
39:57 Scale Mail Armor
40:27 Ring Archer Armor
40:33 Ring Archer Armor
41:33 Chemistry
40:55 Bracer
41:15 Thumb Ring
41:41 Hand Cart
41:22 Light Cavalry
42:17 Bloodlines
42:07 Husbandry
41:29 Elite Skirmisher
42:53 Conscription
42:30 Town Watch
AxD | Kurumi 002
10:09 Feudal Age
14:07 Castle Age
12:38 Double-Bit Axe
17:13 Forging
17:37 Loom
19:35 Scale Mail Armor
24:25 Horse Collar
29:41 Bow Saw
29:37 Gold Mining
30:01 Heavy Plow
30:05 Stone Mining
32:50 Wheelbarrow
32:25 Fletching
33:09 Bodkin Arrow
33:15 Padded Archer Armor
33:49 Bloodlines
33:40 Husbandry
34:48 Leather Archer Armor
33:58 Light Cavalry
34:47 Scale Barding Armor
35:18 Iron Casting
34:58 Red Cliffs Tactics
35:47 Ballistics
39:00 Imperial Age
39:17 Hussar
40:31 Chain Barding Armor
CORP_ALASTOR
10:04 Feudal Age
14:00 Castle Age
12:09 Double-Bit Axe
12:48 Horse Collar
15:15 Bow Saw
16:07 Sanctity
18:49 Wheelbarrow
19:52 Heavy Plow
20:26 Fervor
20:09 Gold Mining
28:00 Imperial Age
25:19 Loom
26:08 Scale Mail Armor
26:42 Hand Cart
26:24 Stone Mining
27:02 Squires
27:32 Man-at-Arms
28:27 Forging
28:16 Town Watch
29:11 Chain Mail Armor
28:35 Long Swordsman
29:59 Two-Handed Swordsman
31:11 Plate Mail Armor
31:16 Iron Casting
31:14 Gambesons
32:06 Iron Casting
31:27 Champion
31:55 Arson
32:27 Fletching
33:25 Redemption
33:31 Block Printing
33:29 Masonry
34:11 Fereters
34:27 Conscription
33:43 Pikeman
35:40 Blast Furnace
35:18 Capped Ram
37:33 Bodkin Arrow
37:25 Siege Ram
37:29 Halberdier
39:21 Padded Archer Armor
39:21 Bracer
40:20 Gold Shaft Mining
41:26 Leather Archer Armor
42:06 Ballistics
42:48 Ring Archer Armor
AxD | MatrixWars
10:10 Feudal Age
10:26 Feudal Age
14:13 Castle Age
12:00 Double-Bit Axe
12:19 Horse Collar
15:15 Bow Saw
17:53 Loom
20:08 Town Watch
24:00 Gold Mining
24:01 Stone Mining
24:49 Wheelbarrow
26:17 Hand Cart
28:47 Imperial Age
26:39 Scale Barding Armor
27:40 Chain Barding Armor
27:49 Bloodlines
27:40 Husbandry
28:13 Heavy Plow
29:06 Forging
29:47 Farimba
29:18 Cavalier
30:34 Plate Barding Armor
30:54 Plate Barding Armor
32:23 Iron Casting
32:37 Conscription
34:45 Chemistry
39:26 Gold Shaft Mining
39:26 Stone Shaft Mining
39:28 Light Cavalry
42:39 Elite Skirmisher
43:10 Fletching
43:21 Padded Archer Armor
43:43 Ballistics
43:34 Masonry
Ndurrance
9:55 Feudal Age
10:43 Double-Bit Axe
11:54 Loom
17:22 Fletching
18:46 Horse Collar
22:57 Castle Age
21:48 Padded Archer Armor
22:01 Gold Mining
23:52 Crossbowman
24:28 Bodkin Arrow
24:52 Town Watch
25:58 Bow Saw
27:56 Stone Mining
28:13 Heavy Plow
33:34 Imperial Age
32:49 Gold Shaft Mining
32:39 Leather Archer Armor
33:17 Ballistics
34:16 Bracer
33:36 Arbalester
33:45 Arbalester
37:59 Ring Archer Armor
37:23 Capped Ram
39:11 Siege Ram
41:50 Chemistry
44:36 Two-Man Saw
saracast
11:05 Feudal Age
12:33 Double-Bit Axe
15:07 Castle Age
13:45 Horse Collar
16:06 Bow Saw
15:59 Heavy Plow
19:32 Fletching
20:59 Loom
23:19 Wheelbarrow
24:17 Gold Mining
27:48 Hand Cart
30:09 Imperial Age
27:37 Stone Mining
28:12 Bodkin Arrow
29:28 Gold Shaft Mining
29:20 Husbandry
29:30 Bloodlines
30:00 Padded Archer Armor
30:19 Thumb Ring
30:24 Town Watch
31:12 Ballistics
30:55 Bracer
31:43 Parthian Tactics
31:36 Heavy Cavalry Archer
32:40 Conscription
33:05 Leather Archer Armor
34:06 Sipahi
34:21 Artillery
35:54 Bombard Tower
36:52 Treadmill Crane
38:07 Ring Archer Armor
37:43 Scale Barding Armor
40:03 Coinage
40:37 Sappers
42:01 Banking
41:32 Caravan
41:56 Murder Holes
42:12 Masonry
AAnrrat
10:54 Feudal Age
14:57 Castle Age
12:55 Horse Collar
13:27 Double-Bit Axe
16:37 Light Cavalry
21:31 Bow Saw
21:08 Man-at-Arms
23:49 Wheelbarrow
22:59 Town Watch
23:23 Heavy Plow
24:35 Loom
25:05 Hand Cart
24:37 Town Watch
25:13 Hand Cart
26:16 Fletching
27:03 Bodkin Arrow
32:26 Imperial Age
30:24 Scale Barding Armor
30:31 Forging
31:10 Bloodlines
31:00 Husbandry
31:23 Chain Barding Armor
31:05 Gold Mining
31:06 Stone Mining
30:38 Man-at-Arms
32:10 Iron Casting
32:33 Elite Steppe Lancer
33:42 Conscription
34:38 Plate Barding Armor
37:34 Blast Furnace
39:20 Bracer
40:49 Gold Shaft Mining
42:15 Silk Armor
42:49 Ballistics
43:29 Chemistry
42:40 Masonry
impirion
11:01 Feudal Age
11:40 Double-Bit Axe
12:06 Horse Collar
14:37 Castle Age
16:22 Bow Saw
23:15 Wheelbarrow
24:01 Gold Mining
24:12 Loom
25:10 Stone Mining
25:51 Heavy Plow
29:31 Imperial Age
27:04 Loom
27:04 Town Watch
28:36 Hand Cart
28:56 Padded Archer Armor
29:09 Forging
28:59 Scale Mail Armor
28:45 Pikeman
31:24 Chemistry
29:49 Halberdier
31:05 Leather Archer Armor
31:10 Chain Mail Armor
33:01 Plate Mail Armor
33:02 Ring Archer Armor
35:29 Iron Casting
36:56 Siege Engineers
38:29 Blast Furnace
38:50 Conscription
39:33 Arquebus
41:56 Caravan
44:09 Stone Shaft Mining
Connection lost

Rejoining the realm…

Still unreachable

The connection could not be restored.

Session expired

The server has moved on; the page needs a fresh start.